 Dungeon Crawl Stone Soup version 0.31-a0-236-g9a0961fb85 (webtiles) character file.

Game seed: 17300137917144809993

34 qw the Shooter (level 3, 0/21 HPs)
             Began as a Gargoyle Hexslinger on July 10, 2023.
             Frozen to death by an endoplasm (5 damage)
             ... on level 2 of the Dungeon.
             The game lasted 00:00:23 (785 turns).

qw the Shooter (Gargoyle Hexslinger)                 Turns: 785, Time: 00:00:23

Health: 0/21       AC:  6    Str: 11    XL:     3   Next: 31%
Magic:  4/4        EV: 11    Int: 13    God:
Gold:   105        SH:  0    Dex: 14    Spells: 3/4 levels left

rFire   . . .        Y - +1 sling
rCold   . . .        (no shield)
rNeg    + . .        g - +0 leather armour
rPois   inf          (no helmet)
rElec   +            (no cloak)
rCorr   .            (no gloves)
SInv    .            (no boots)
Will    .....        (no amulet)
Stlth   +            (no ring)
HPRegen 0.23/turn    (no ring)
MPRegen 0.09/turn

%: no passive effects
@: no status effects
A: sickness immunity, AC +3, negative energy resistance 1, electricity
resistance, torment resistance 1, petrification resistance
a: no special abilities


You were on level 2 of the Dungeon.
You visited 1 branch of the dungeon, and saw 2 of its levels.

You collected 105 gold pieces.


Innate Abilities, Weirdness & Mutations

You are immune to sickness and miasma.
Your stone body is resilient. (AC +3)
You are immune to poison.
You resist negative energy. (rN+)
You are resistant to electric shocks. (rElec)
You are resistant to unholy torment.
You are immune to petrification.


   Skills:
 - Level 2.0 Fighting
 + Level 3.3 Ranged Weapons
 - Level 1.5 Dodging
 - Level 1.0 Spellcasting
 - Level 2.6 Hexes


You had 3 spell levels left.
You knew the following spells:

 Your Spells              Type           Power      Damage    Failure   Level
a - Slow                  Hex            28%        N/A       12%         1

Your spell library contained the following spells:

 Spells                   Type           Power      Damage    Failure   Level
 Inner Flame              Hex/Fire       4%         N/A       54%         3
 Portal Projectile        Hex/Tloc       8%         N/A       54%         3
 Cause Fear               Hex            3%         N/A       77%         4

Inventory:

Hand Weapons
 Y - a +1 sling (weapon)
Armour
 b - a +0 ring mail
 g - a +0 leather armour (worn)
Potions
 a - a potion of heal wounds {unknown}
 e - a potion of cancellation {unknown}
 f - a potion of curing {unknown}
 l - a potion of berserk rage {unknown}

Dungeon Overview and Level Annotations

Branches:
Dungeon (2/15)

Altars:


Message History

The adder bites you.
You shoot a sling bullet. The sling bullet hits the adder.
The adder is heavily wounded.
The adder bites you. x2
You shoot a sling bullet. The sling bullet hits the adder.
The adder is severely wounded.
The endoplasm hits you but does no damage.
The goblin hits you but does no damage.
You shoot a sling bullet. The sling bullet misses the adder.
The adder bites you but does no damage.
The ball python bites you but does no damage.
The ball python misses you. The endoplasm barely misses you.
The goblin barely misses you. The adder bites you.
The ball python bites you but does no damage.
The ball python closely misses you. The endoplasm closely misses you.
The goblin barely misses you.
You shoot a sling bullet. The sling bullet hits the adder.
The adder is severely wounded.
The adder bites you. The ball python barely misses you.
The ball python closely misses you. The goblin misses you.
The endoplasm freezes you.
You are frozen.
The adder bites you.
You shoot a sling bullet.
The sling bullet closely misses the adder.
The ball python barely misses you. The ball python closely misses you.
The adder bites you. The endoplasm barely misses you.
The goblin completely misses you. The ball python bites you.
The ball python misses you.
You shoot a sling bullet.
The sling bullet barely misses the adder.
The adder bites you but does no damage.
The endoplasm hits you but does no damage.
The goblin hits you but does no damage.
The ball python bites you but does no damage.
The ball python closely misses you. The adder barely misses you.
You shoot a sling bullet. The sling bullet misses the adder.
The ball python completely misses you. The ball python closely misses you.
The endoplasm freezes you.
You are frozen.
You die...

. #. .. .### .# ##. ..#
..# ....########.#####..
..........##.......#
......g##.......##.### #
.....SJ@.............#.#
.....#SS###............#
.......## ###..........#
.....## ####..##..##
....$ #..# .... #..# ...
##..# ... . #...# #.# .>
##...# #.#


You could see an adder, an endoplasm, a goblin and 2 ball pythons.

Vanquished Creatures
  A worm (D:2)
  A dart slug (D:2)
  2 bats
  5 endoplasms
  2 giant cockroaches
  3 goblins (D:1)
  A hobgoblin (D:1)
  2 jackals (D:1)
  A kobold (D:1)
  A quokka (D:1)
  2 ball pythons
  A frilled lizard (D:1)
  4 rats (D:1)
26 creatures vanquished.

Notes
Turn   | Place    | Note
-------+----------+-------------------------------------------
     0 | D:1      | qw the Gargoyle Hexslinger began the quest for the Orb.
     0 | D:1      | Reached XP level 1. HP: 12/12 MP: 2/2
     0 | D:1      | 0 ||| qw: Version: 0.3-a-52-g30416fa
     0 | D:1      | 0 ||| qw: Game counter: 4946
     0 | D:1      | 0 ||| qw: Melee chars always use a shield: true
     0 | D:1      | 0 ||| qw: God list: Okawaru
     0 | D:1      | 0 ||| qw: Allow faded altars: false
     0 | D:1      | 0 ||| qw: Do Orc after clearing Dungeon:15 true
     0 | D:1      | 0 ||| qw: Do second Lair branch before Depths: true
     0 | D:1      | 0 ||| qw: Lair rune preference: random
     0 | D:1      | 0 ||| qw: Goals: Normal
     0 | D:1      | 0 ||| PLANNING D:1-11
   135 | D:1      | Reached XP level 2. HP: 16/16 MP: 3/3
   243 | D:1      | Reached skill level 3 in Ranged Weapons
   624 | D:1      | 624 ||| UPGRADING to +0 leather armour.
   634 | D:1      | 634 ||| DROPPING +0 robe.
   635 | D:1      | 635 ||| READING scroll labelled DOBINL DAFEYN.
   636 | D:1      | 636 ||| READING scroll labelled OGYVEIVAIMO.
   649 | D:1      | 649 ||| READING scroll labelled GUZXOC FEANES.
   650 | D:1      | 650 ||| READING scroll labelled FAHOUXT XYMPEE.
   651 | D:1      | 651 ||| READING scroll labelled WYPTOM LEOLU.
   652 | D:1      | 652 ||| DROPPING scroll of poison.
   666 | D:2      | Reached XP level 3. HP: 21/21 MP: 4/4
   783 | D:2      | HP: 5/21 [adder (3)]
   785 | D:2      | Frozen to death by an endoplasm

Levels and vault maps discovered:
D:1:      saegor_arrival_simple_d, layout_loops_ring
D:2:      layout_rooms, hellmonk_ecumenical_altar_prayer_group

Skill      XL: |  1  2 |
---------------+-------+-----
Ranged Weapons | 3 |  3.3
Fighting       | 2 |  2.0
Dodging        | |  1.5
Spellcasting   | |  1.0
Hexes          | |  2.6

Action                     || total
---------------------------++-------
   Fire: Sling             ||    93
    Use: Scroll            ||     5
 Armour: Robe              ||    14
         Leather armour    ||     9
  Dodge: Dodged            ||    50

Table legend:
 A = Non-vault XP
 B = Vault XP
 C = Vault XP percentage of total XP
 D = Non-vault monster count
 E = Vault monster count
 F = Vault count percentage of total count
                 A         B        C        D         E       F
            +---------+---------+-------+---------+---------+-------
      Total |      49 |       0 |   0.0 |      26 |       0 |   0.0
            +---------+---------+-------+---------+---------+-------
        D:1 |      33 |       0 |   0.0 |      20 |       0 |   0.0
        D:2 |      16 |       0 |   0.0 |       6 |       0 |   0.0
            +---------+---------+-------+---------+---------+-------
